 Dungeon Crawl Stone Soup version 0.29-a0-474-gdfe5cd140f (webtiles) character file.

Game seed: 5064396830450991554

234 YayAnonymity the Shield-Bearer (level 6, -5/53 HPs)
             Began as a Gnoll Fighter on May 24, 2022.
             Slain by a lemure (8 damage)
             ... led by Pikel
             ... on level 3 of the Dungeon.
             The game lasted 00:04:51 (4080 turns).

YayAnonymity the Shield-Bearer (Gnoll Fighter)      Turns: 4080, Time: 00:04:52

Health: -5/53      AC:  9    Str: 17    XL:     6   Next: 5%
Magic:  0/8        EV:  9    Int:  8    God:
Gold:   120        SH:  5    Dex: 11    Spells: 8/8 levels left

rFire   . . .      SeeInvis .   b - +4 dagger (venom)
rCold   . . .      Faith    .   c - +0 buckler
rNeg    . . .      Spirit   +   o - +0 scale mail
rPois   .          Reflect  .   (no helmet)
rElec   .          Harm     .   e - +0 cloak
rCorr   .          Rampage  .   (no gloves)
Will    .....                   (no boots)
Stlth   ..........              k - amulet of guardian spirit
HPRegen 0.17/turn               (no ring)
MPRegen 0.11/turn               (no ring)

@: no status effects
A: fangs 1, strong nose, distributed training
a: no special abilities


You were on level 3 of the Dungeon.
You visited 1 branch of the dungeon, and saw 4 of its levels.

You collected 120 gold pieces.

Inventory:

Hand Weapons
 a - a +0 trident
 b - a +4 dagger of venom (weapon)
Missiles
 n - 4 poisoned darts (quivered)
Armour
 c - a +0 buckler (worn)
 e - a +0 cloak (worn)
 o - a +0 scale mail (worn)
Jewellery
 k - an amulet of guardian spirit (around neck)
 t - a +4 ring of evasion
Scrolls
 f - 2 scrolls of poison
 h - a scroll of identify
Potions
 d - a potion of might
 g - a potion of attraction
 m - a potion of lignification
 p - 3 potions of curing
 q - 2 potions of resistance
 r - a potion of flight
 s - 2 potions of cancellation {unknown}


   Skills:
 + Level 6.7 Fighting
 + Level 1.7 Short Blades
 + Level 1.7 Long Blades
 + Level 1.7 Axes
 + Level 1.7 Maces & Flails
 + Level 4.9 Polearms
 + Level 1.7 Staves
 + Level 1.7 Slings
 + Level 1.7 Bows
 + Level 1.7 Crossbows
 + Level 1.7 Throwing
 + Level 6.7 Armour
 + Level 1.7 Dodging
 + Level 1.7 Stealth
 + Level 6.7 Shields
 + Level 1.7 Unarmed Combat
 + Level 1.7 Spellcasting
 + Level 1.3 Conjurations
 + Level 1.3 Hexes
 + Level 1.3 Summonings
 + Level 1.3 Necromancy
 + Level 1.3 Translocations
 + Level 1.3 Transmutations
 + Level 1.3 Fire Magic
 + Level 1.3 Ice Magic
 + Level 1.3 Air Magic
 + Level 1.3 Earth Magic
 + Level 1.3 Poison Magic
 + Level 2.0 Invocations
 + Level 1.7 Evocations


You had 8 spell levels left.
You didn't know any spells.
Your spell library contained the following spells:

 Spells                   Type           Power      Damage    Failure   Level
 Sting                    Tmut/Pois      8%         1d3       63%         1
 Poisonous Vapours        Pois/Air       4%         N/A       77%         2
 Olgreb's Toxic Radiance  Pois           2%         N/A       100%        4


Dungeon Overview and Level Annotations

Branches:
Dungeon (4/15)
 Temple: D:4-7

Altars:

Shops:
D:3 (

Annotations:
D:3 Pikel


Innate Abilities, Weirdness & Mutations

You have very sharp teeth.
Your uncanny sense of smell can sniff out nearby items.
Your experience applies equally to all skills.


Message History

Pikel hits you with a +1 whip of freezing!
Pikel freezes you.
The orc wizard casts a spell.
The orc wizard flickers and vanishes!
Deactivating autopickup; reactivate with Ctrl-A.
The orc hits you but does no damage. The lemure barely misses you.
The lemure hits you. The gnoll barely misses you.
The lemure closely misses you.
Pikel hits you with a +1 whip of freezing.
Pikel freezes you. The lemure hits you! You block the orc's attack.
There is a stone staircase leading up, spattered with blood here.
Pikel barely misses you. The orc hits you but does no damage.
The gnoll hits you from afar with a +0 halberd!
The gnoll barely misses you. The lemure barely misses you.
You block the lemure's attack. The lemure hits you.
You climb upwards.
Reactivating autopickup.
There is a stone staircase leading down here.
You are too injured to fight recklessly!
You are too injured to fight recklessly!
You are too injured to fight recklessly!
You are too injured to fight recklessly!
You hit Pikel.
Pikel is lightly wounded.
The lemure hits you. The lemure hits you but does no damage.
The orc hits you with a +0 hand axe.
* * * LOW HITPOINT WARNING * * *
The lemure hits you.
* * * LOW HITPOINT WARNING * * *
Pikel hits you with a +1 whip of freezing.
* * * LOW HITPOINT WARNING * * *
Pikel freezes you.
* * * LOW HITPOINT WARNING * * *
You barely miss Pikel.
Pikel is lightly wounded.
The lemure hits you.
* * * LOW HITPOINT WARNING * * *
The lemure hits you but does no damage. The orc barely misses you.
The lemure hits you!
You die...

#.#.#####.........# #.#.#####.
####.#.# #.........# #.#.# #.
.....#.# #.........# #.#.#####.
##.....# #.........# #.#.......
#.....# #######.### #.#..#####
#.....# #.# #.#..####
#.....###########.# #.#.....#
####...........5Ko.# #.##.##.##
...............5@### #.##.#....
............####5#######.##.#..#.
.#####..###..............##.#..#.
.# ##.......##.##########.#..#.
.# #..##.####.# #.#..#.
#######..##.# #.# #.#..#.
............####.##########.####.
#######.....................# #.
#######.######.###############.


You could see Pikel, 3 lemures and an orc.

Vanquished Creatures
  Jessica (D:2)
  Natasha (thrice) (D:3)
  Robin (D:2)
  6 adders
  A dart slug (D:2)
  2 orcs (D:3)
  4 endoplasms
  2 giant cockroaches
  10 goblins
  10 hobgoblins
  2 jackals (D:2)
  3 quokkas
  12 ball pythons
  2 bats
  4 kobolds
  6 rats
69 creatures vanquished.

Notes
Turn   | Place    | Note
-------+----------+-------------------------------------------
     0 | D:1      | YayAnonymity the Gnoll Fighter began the quest for the Orb.
     0 | D:1      | Reached XP level 1. HP: 23/23 MP: 1/1
   189 | D:1      | Reached XP level 2. HP: 28/29 MP: 2/2
   820 | D:2      | Reached XP level 3. HP: 34/35 MP: 3/3
  1146 | D:3      | Identified the +3 mace of Iconoclasm {pain, *Corrode rElec
                  | rN+ Int+8}
  1185 | D:3      | Reached skill level 1 in Invocations
  1272 | D:2      | Noticed Robin
  1281 | D:2      | Reached skill level 1 in Short Blades
  1281 | D:2      | Reached skill level 1 in Long Blades
  1281 | D:2      | Reached skill level 1 in Axes
  1281 | D:2      | Reached skill level 1 in Maces & Flails
  1281 | D:2      | Reached skill level 1 in Staves
  1281 | D:2      | Reached skill level 1 in Slings
  1281 | D:2      | Reached skill level 1 in Bows
  1281 | D:2      | Reached skill level 1 in Crossbows
  1281 | D:2      | Reached skill level 1 in Throwing
  1281 | D:2      | Reached skill level 1 in Dodging
  1281 | D:2      | Reached skill level 1 in Stealth
  1281 | D:2      | Reached skill level 1 in Unarmed Combat
  1281 | D:2      | Reached skill level 1 in Spellcasting
  1281 | D:2      | Reached skill level 1 in Evocations
  1452 | D:2      | Killed Robin
  1453 | D:2      | Reached XP level 4. HP: 30/41 MP: 5/5
  1784 | D:2      | Noticed Jessica
  1793 | D:2      | Killed Jessica
  1794 | D:2      | Reached skill level 1 in Conjurations
  1794 | D:2      | Reached skill level 1 in Hexes
  1794 | D:2      | Reached skill level 1 in Summonings
  1794 | D:2      | Reached skill level 1 in Necromancy
  1794 | D:2      | Reached skill level 1 in Translocations
  1794 | D:2      | Reached skill level 1 in Transmutations
  1794 | D:2      | Reached skill level 1 in Fire Magic
  1794 | D:2      | Reached skill level 1 in Ice Magic
  1794 | D:2      | Reached skill level 1 in Air Magic
  1794 | D:2      | Reached skill level 1 in Earth Magic
  1794 | D:2      | Reached skill level 1 in Poison Magic
  2127 | D:2      | Reached XP level 5. HP: 39/47 MP: 6/6
  2881 | D:3      | Found Byirr's Weapon Shop.
  3216 | D:4      | Noticed Pikel
  3216 | D:4      | Noticed a lemure
  3216 | D:4      | Noticed a lemure
  3216 | D:4      | Noticed a lemure
  3216 | D:4      | Noticed a lemure
  3231 | D:4      | Noticed Natasha
  3250 | D:3      | Killed Natasha
  3432 | D:3      | Found Byirr's Weapon Shop.
  3675 | D:3      | Noticed Natasha
  3681 | D:3      | Killed Natasha
  3808 | D:3      | Noticed Natasha
  3818 | D:3      | Killed Natasha
  3819 | D:3      | Reached XP level 6. HP: 36/53 MP: 5/8
  4080 | D:3      | Slain by a lemure

Illustrated notes

Levels and vault maps discovered:
D:1:      minmay_arrival_stair_chambers, layout_basic
D:2:      layout_basic, minmay_snake_closets, uniq_robin, uniq_jessica
D:3:      layout_basic, serial_shops, shop
D:4:      layout_rooms, uniq_duvessa, uniq_pikel, uniq_natasha

Skill      XL: |  1  2  3  4  5 |
---------------+----------------+-----
Invocations    | 1 2 |  2.0
Short Blades   | 1 |  1.7
Long Blades    | 1 |  1.7
Axes           | 1 |  1.7
Maces & Flails | 1 |  1.7
Staves         | 1 |  1.7
Slings         | 1 |  1.7
Bows           | 1 |  1.7
Crossbows      | 1 |  1.7
Throwing       | 1 |  1.7
Dodging        | 1 |  1.7
Stealth        | 1 |  1.7
Unarmed Combat | 1 |  1.7
Spellcasting   | 1 |  1.7
Evocations     | 1 |  1.7
Conjurations   | 1 |  1.3
Hexes          | 1 |  1.3
Summonings     | 1 |  1.3
Necromancy     | 1 |  1.3
Translocations | 1 |  1.3
Transmutations | 1 |  1.3
Fire Magic     | 1 |  1.3
Ice Magic      | 1 |  1.3
Air Magic      | 1 |  1.3
Earth Magic    | 1 |  1.3
Poison Magic   | 1 |  1.3
Fighting       | |  6.7
Polearms       | |  4.9
Armour         | |  6.7
Shields        | |  6.7

Action                   |  1- 3 |  4- 6 || total
-------------------------+-------+-------++-------
Melee: Trident           |    75 |       ||    75
       Bite              |     9 |     7 ||    16
       Mace              |    20 |     7 ||    27
       Dagger            |       |    91 ||    91
  Use: Scroll            |       |    10 ||    10
Armor: Scale mail        |    55 |    41 ||    96
Dodge: Dodged            |    39 |    41 ||    80
Block: Buckler           |    40 |    18 ||    58

Table legend: (Time is in decaauts)
 A = Elapsed time spent in this place.
 B = Non-inter-level travel time spent in this place.
 C = Inter-level travel time spent in this place.
 D = Time resting spent in this place.
 E = Time spent auto-exploring this place.
 F = Levels seen in this place.
 G = Mean time per level.
                   A        B        C        D        E       F      G
               +--------+--------+--------+--------+--------+-----+--------+
         Total |   4101 |   4006 |     95 |    156 |   3334 |   4 | 1025.2 |
       Dungeon |   4101 |   4006 |     95 |    156 |   3334 |   4 | 1025.2 |
               +--------+--------+--------+--------+--------+-----+--------+

Top non-repeatable levels by time:
     D:3: 1720 daAuts
     D:2: 1525 daAuts
     D:1: 817 daAuts
     D:4: 38 daAuts
